 Dungeon Crawl Stone Soup version 0.29-a0-321-gf1c400731a (webtiles) character file.

Game seed: 10068611219609366747

12383 domi the Summoner (level 11, -6/86 HPs)
             Began as a Demonspawn Hedge Wizard on Apr 4, 2022.
             Was an Initiate of Gozag.
             Mangled by a hornet (13 damage)
             ... while paralysed by a hornet
             ... in a Gauntlet.
             The game lasted 00:49:52 (16189 turns).

domi the Summoner (Demonspawn Hedge Wizard)        Turns: 16189, Time: 00:49:53

Health: -6/86      AC: 11    Str: 10    XL:     11   Next: 61%
Magic:  7/18       EV:  2    Int: 19    God:    Gozag
Gold:   680        SH:  0    Dex: 14    Spells: 9/20 levels left

rFire   . . .      SeeInvis .   y - +2 falchion (venom)
rCold   . . .      Faith    .   (no shield)
rNeg    + . .      Spirit   .   Q - +1 acid dragon scales
rPois   .          Reflect  .   c - +0 hat
rElec   .          Harm     .   L - +0 cloak
rCorr   +          Rampage  .   F - +2 pair of gloves
Will    .....      NoTele   +   (no boots)
Stlth   ++........              (no amulet)
HPRegen 0.24/turn               R - +4 ring of evasion
MPRegen 0.16/turn               V - ring of positive energy {rN+}

@: paralysed, lethally poisoned (-6 -> -22), slowed, studying Dodging
A: ignite blood 2, powered by pain 1, sturdy frame 1, weakness stinger 1
a: Renounce Religion, Potion Petition, Call Merchant, Bribe Branch


You were in a Gauntlet.
You worshipped Gozag.
Gozag was pleased with you.
You visited 2 branches of the dungeon, and saw 12 of its levels.
You also visited: Gauntlet.

You collected 865 gold pieces.
You spent 33 gold pieces at shops.
You paid 152 gold pieces to Gozag.

Inventory:

Hand Weapons
 a - a +0 dagger
 y - a +2 falchion of venom (weapon)
   (You took it off an orc on level 4 of the Dungeon)
 B - a +1 war axe of electrocution
   (You took it off an orc on level 4 of the Dungeon)
 I - a +2 whip of distortion {!w}
   (You took it off a kobold on level 5 of the Dungeon)
 N - a +1 hand axe of venom
   (You found it on level 6 of the Dungeon)
 P - a +0 dagger of draining
   (You took it off an orc wizard on level 6 of the Dungeon)
Missiles
 E - 3 throwing nets {=f, !d=f}
Armour
 b - a +0 robe
 c - a +0 hat (worn)
 m - a +0 pair of gloves
   (You found it on level 5 of the Dungeon)
 F - a +2 pair of gloves (worn)
   (You found it on level 5 of the Dungeon)
 G - a +1 robe of the Archmagi
   (You found it on level 5 of the Dungeon)
 L - a +0 cloak (worn)
   (You found it on level 9 of the Dungeon)
 Q - +1 acid dragon scales (worn)
   (You found it on level 6 of the Dungeon)
 T - the +0 leather armour "Nophyumm" {rN+ SInv}
   (You found it on level 8 of the Dungeon)

   rN:        It protects you from negative energy.
   SInv:      It lets you see invisible.
 U - the +0 leather armour of the Stars {Int+2}
   (You found it on level 7 of the Dungeon)

   Int:       It affects your intelligence (+2).
Magical Staves
 l - a staff of earth
   (You found it on level 1 of the Dungeon)
Jewellery
 d - an amulet of faith {Faith, !P!P}
   (You found it on level 3 of the Dungeon)
 t - a ring of ice {rC+, rF-}
   (You found it on level 2 of the Dungeon)
 R - a +4 ring of evasion (left hand)
   (You found it on level 8 of the Dungeon)
 V - a ring of positive energy (right hand) {rN+}
   (You found it on level 7 of the Dungeon)
 W - a ring of flight {+Fly, !d}
   (You found it on level 9 of the Dungeon)
Wands
 C - a wand of iceblast (15)
   (You took it off an orc on level 4 of the Dungeon)
 O - a wand of mindburst (8)
   (You found it on level 6 of the Dungeon)
Scrolls
 e - 14 scrolls of identify {@r1}
 h - 4 scrolls of teleportation {@r4}
 k - 2 scrolls of magic mapping {unknown}
 o - 4 scrolls of noise {!r}
 r - 2 scrolls of enchant armour
 u - 2 scrolls of vulnerability {!r!r}
 w - 4 scrolls of immolation {unknown}
 x - a scroll of blinking
 D - 2 scrolls of fear
Potions
 f - a potion of resistance {unknown}
 g - 2 potions of brilliance
 i - a potion of ambrosia {unknown}
 j - 3 potions of attraction {unknown}
 n - 2 potions of lignification {unknown}
 p - 3 potions of mutation {unknown}
 s - a potion of curing {@q1}
 v - 4 potions of cancellation {unknown}
 z - a potion of berserk rage {unknown}
 A - 2 potions of invisibility {unknown}
 J - 3 potions of degeneration {unknown}
 M - a potion of flight {unknown}
 S - a potion of might {unknown}
 Y - a potion of experience {unknown}


   Skills:
 + Level 8.2 Fighting
 - Level 10.0 Dodging
 - Level 1.7 Stealth
 - Level 5.0 Spellcasting
 - Level 5.0 Conjurations
 - Level 10.0 Summonings
 - Level 5.0 Translocations
 - Level 5.0 Air Magic
 - Level 5.0 Poison Magic


You had 9 spell levels left.
You knew the following spells:

 Your Spells              Type           Power      Damage    Failure   Level
b - Blink                 Tloc           46%        N/A       2%          2
c - Mephitic Cloud        Conj/Pois/Air  23%        N/A       5%          3
v - Call Canine Familiar  Summ           42%        N/A       1%          3
x - Call Imp              Summ           42%        N/A       1%          2
z - Magic Dart            Conj           92%        1d7       1%          1

Your spell library contained the following spells:

 Spells                   Type           Power      Damage    Failure   Level
 Summon Small Mammal      Summ           100%       N/A       1%          1
 Searing Ray              Conj           46%        2d6       2%          2
 Gell's Gravitas          Tloc           23%        N/A       5%          3
 Lesser Beckoning         Tloc           23%        N/A       5%          3
 Summon Guardian Golem    Hex/Summ       23%        N/A       5%          3
 Teleport Other           Tloc           23%        N/A       5%          3
 Sandblast                Erth           8%         2d5       14%         1
 Slow                     Hex            16%        N/A       14%         1
 Conjure Flame            Conj/Fire      14%        6-21      16%         3
 Stone Arrow              Conj/Erth      28%        3d8       16%         3
 Passage of Golubria      Tloc           23%        N/A       19%         4
 Passwall                 Tmut/Erth      3%         N/A       22%         2
 Confusing Touch          Hex            4%         N/A       41%         3
 Vampiric Draining        Necr           4%         2d6       41%         3
 Fulminant Prism          Conj/Hex       7%         3d7       45%         4
 Silence                  Hex/Air        7%         N/A       82%         5
 Lehudib's Crystal Spear  Conj/Erth      7%         10d3      100%        8


Dungeon Overview and Level Annotations

Branches:
Dungeon (11/15)            Temple (1/1) D:6            Lair (0/6) D:10
    Orc (0/2) D:9         Gauntlet (1/1)

Altars:
Ashenzari
Cheibriados
Dithmenos
Elyvilon
Fedhas
Gozag
Hepliaklqana
Kikubaaqudgha
Makhleb
Nemelex Xobeh
Okawaru
Qazlal
Ru
Sif Muna
Trog
Uskayaw
Vehumet
Wu Jian
Xom
Yredelemnul
Zin
The Shining One

Shops:
D:1 :   D:4 ?   D:6 =   D:8 [

Annotations:
D:2 Sigmund
D:7 2 transporters, qwertyui's ghost, novice MiFi Gauntlet 9 transporters


Innate Abilities, Weirdness & Mutations

Your demonic aura often causes spilled blood to erupt in flames.
You sometimes gain a little power by taking damage.
Your movements are slightly less encumbered by armour. (ER -2)
You have a small tail.


Message History

You feel yourself speed up.
You feel sick.
Your wolf is engulfed in blazing flames. x3
You now have 680 gold pieces (gained 6).
You feel sick.
Your wolf is engulfed in blazing flames.
You kill your wolf!
Your wolf's corpse disappears in a puff of smoke!
You take 3 damage, and have 56/86 hp.
Unknown command.
You start resting.
You feel sick.
The hornet is distracted by your dazzling golden aura.
You take 1 damage, and have 55/86 hp.
You start resting.
You feel sick. x2
You are no longer poisoned.
The hornet is no longer distracted by gold.
You take 1 damage, and have 54/86 hp.
Unknown command.
You start resting.
A hornet is nearby!
Unknown command.
The hornet closely misses your white imp.
You now have 9/18 mp.
You swap places.
The hornet misses your white imp. The hornet stings your white imp.
There is a transporter landing site here.
The hornet stings your hound!
Your hound is poisoned.
Your hound seems to slow down.
Your white imp closely misses the hornet.
Your hound bites the hornet.
The hornet stings your hound.
Your hound seems to slow down.
The hornet closely misses your hound.
Your white imp hits the hornet.
Your white imp freezes the hornet.
Your hound misses the hornet. The hornet stings your hound!
Your hound dies!
Your hound's corpse disappears in a puff of smoke!
The hornet stings your white imp.
Your white imp hits the hornet.
Your white imp freezes the hornet.
The hornet stings your white imp.
Your white imp dies!
Your white imp disappears in a puff of smoke!
Aim: a hornet (moderately wounded, chance to affect: 72%)
Okay, then.
You blink.
The hornet barely misses you.
You now have 8/18 mp.
Okay, then.
Okay, then.
That's the wrong kind of item! (Use * to select it.) x2
Okay, then.
Unknown command.
The hornet's mind is blasted.
The hornet barely misses you. The hornet closely misses you.
The hornet misses you. The hornet misses you.
Unknown command.
The hornet attacks as you move away! The hornet misses you.
You feel stable enough to blink again. The hornet completely misses you.
The hornet closely misses you.
You completely miss the hornet.
Your tail-slap misses the hornet.
The hornet closely misses you. The hornet misses you. The hornet stings you.
You feel yourself slow down. The hornet stings you.
You feel as though you will be slow longer.
The hornet misses you. The hornet closely misses you.
You take 5 damage, and have 53/86 hp.
You now have 6/18 mp.
You swap places.
The hornet attacks as you move away! The hornet closely misses you.
The hornet attacks as you move away! The hornet stings you!
You are poisoned.
You feel as though you will be slow longer.
You feel very sick. The hornet stings your hound.
Your hound seems to slow down.
The hornet stings your hound but does no damage.
Your hound is engulfed in blazing flames.
You kill your hound!
Your hound's corpse disappears in a puff of smoke!
You take 10 damage, and have 43/86 hp.
You feel sick.
The hornet stings you but does no damage.
You take 2 damage, and have 41/86 hp.
You closely miss the hornet.
You feel sick. The hornet stings you.
You are more poisoned.
You suddenly lose the ability to move!
The hornet stings you but does no damage.
The hornet stings you.
You are more poisoned.
You feel as though you will be slow longer.
* * * LOW HITPOINT WARNING * * *
You feel very sick. The hornet stings you!
* * * LOW HITPOINT WARNING * * *
You feel as though you will be slow longer.
* * * LOW HITPOINT WARNING * * *
You feel very sick. The hornet stings you!
You die...
Your body crumbles into a pile of gold.

###.##.#...#.........#..###
...##©##...#....©....#..#
########...###########..###
#.©.#....≈....#.©.#.....#8#
#...#...≈8≈...#...#.8...###
#.©.#....≈....#.©.#.....#
########...###########..###
.....GG#...#.....§...#..#8#
.PG.PP.#...#.#.☼@y.#.#..###
#PPP#..#...#..#####y.#..#
GP..PP.#...#..##.##..#..###
..©....#...#....©....#..#8#
PP.PP..#...#..##.##..#..###
#PPP#..#...#..#####..#..#
P....P.#...#.#.....#.#..###
?.©=...#...#...)©}...#..#8#
########...###########..###


You could see 2 hornets.

Vanquished Creatures
  A boulder beetle (D:11)
  2 two-headed ogres
  Joseph (D:7)
  An unseen horror (D:10)
  2 trolls
  3 hornets (Gauntlet)
  Grinder (D:3)
  12 yaks
  2 shadows
  4 wyverns
  A two-headed ogre zombie (D:9)
  3 water moccasins
  An acid dragon (D:9)
  3 orc warriors
  An ogre (D:6)
  2 phantoms
  2 centaurs
  4 kobold brigands
  A necrophage (D:5)
  3 bullfrogs
  5 scorpions
  A gnoll sergeant (D:4)
  3 wights
  3 killer bees (D:9)
  A troll zombie (D:9)
  3 howler monkeys (D:8)
  A jelly (D:5)
  5 hounds
  2 orc priests (D:10)
  2 iguanas
  A gnoll shaman (D:9)
  8 orc wizards
  2 ogre zombies (D:9)
  9 gnolls
  10 adders
  2 shadow imps
  A white imp (D:6)
  A worm (D:3)
  2 dart slugs
  24 orcs
  6 endoplasms
  2 giant cockroaches (D:1)
  6 goblins
  6 hobgoblins
  9 jackals
  22 kobolds
  2 quokkas (D:1)
  7 ball pythons
  4 bats
  3 frilled lizards (D:1)
  A goblin zombie (D:9)
  3 orc zombies (D:9)
  4 rats
211 creatures vanquished.

Vanquished Creatures (collateral kills)
  A two-headed ogre (D:9)
  An unseen horror (D:9)
  A hornet (Gauntlet)
  2 shadows (D:9)
  A wraith (D:9)
  A water moccasin (D:5)
  An acid dragon (D:6)
  A phantom (D:6)
  A kobold brigand (D:7)
  2 necrophages
  3 wights
  3 killer bees (D:9)
  A howler monkey (D:6)
  2 hounds
  3 jellies
  An orc priest (D:9)
  An iguana (D:7)
  An orc wizard (D:4)
  4 ogre zombies (D:9)
  6 gnolls
  An adder (D:5)
  A shadow imp (D:6)
  5 orcs
  2 goblin skeletons (D:9)
  4 goblin zombies (D:9)
  2 hobgoblin skeletons (D:9)
  2 hobgoblin zombies (D:9)
  4 kobolds
  4 orc skeletons (D:9)
  7 orc zombies (D:9)
69 creatures vanquished.

Vanquished Creatures (others)
  A wight (D:7)
  13 plants
14 creatures vanquished.

Grand Total: 294 creatures vanquished

Notes
Turn   | Place    | Note
-------+----------+-------------------------------------------
     0 | D:1      | domi the Demonspawn Hedge Wizard began the quest for the
                  | Orb.
     0 | D:1      | Reached XP level 1. HP: 13/13 MP: 4/4
   220 | D:1      | HP: 1/13 [hobgoblin (4)]
   514 | D:1      | Gained mutation: Your demonic aura sometimes causes spilled
                  | blood to erupt in flames. [demonic ancestry]
   514 | D:1      | Reached XP level 2. HP: 19/19 MP: 0/6
   523 | D:1      | HP: 4/19 [goblin/+0 club (4)]
   526 | D:1      | HP: 1/19 [goblin/+0 club (3)]
   664 | D:1      | Reached skill level 2 in Conjurations
  1134 | D:1      | Found Lede's Book Boutique.
  1701 | D:1      | Gained mutation: You have a small tail. [demonic ancestry]
  1701 | D:1      | Reached XP level 3. HP: 24/24 MP: 4/7
  2168 | D:2      | Noticed Sigmund
  2235 | D:2      | Found a shadowy altar of Dithmenos.
  2286 | D:2      | Learned a level 2 spell: Call Imp
  2289 | D:2      | Learned a level 2 spell: Blink
  2293 | D:2      | Learned a level 3 spell: Mephitic Cloud
  2326 | D:2      | Reached skill level 3 in Conjurations
  2852 | D:2      | HP: 6/24 [gnoll/+0 flail (6)]
  2890 | D:2      | Gained mutation: Your movements are slightly less
                  | encumbered by armour. (ER -2) [demonic ancestry]
  2890 | D:2      | Reached XP level 4. HP: 10/30 MP: 0/9
  3259 | D:3      | Noticed Grinder
  3260 | D:3      | Paralysed by Grinder for 2 turns
  3276 | D:3      | Killed Grinder
  3277 | D:3      | Reached skill level 4 in Spellcasting
  3277 | D:3      | Reached skill level 4 in Conjurations
  3277 | D:3      | Reached XP level 5. HP: 22/35 MP: 4/11
  3277 | D:3      | Reached XP level 6. HP: 26/41 MP: 4/12
  3396 | D:3      | Reached skill level 5 in Conjurations
  4218 | D:4      | Reached skill level 5 in Spellcasting
  4536 | D:4      | Reached skill level 2 in Summonings
  4819 | D:4      | Reached skill level 3 in Summonings
  4901 | D:4      | Reached XP level 7. HP: 35/46 MP: 3/14
  4905 | D:4      | Learned a level 3 spell: Call Canine Familiar
  5182 | D:4      | Reached skill level 4 in Summonings
  5323 | D:4      | Found Ziacotz's Magic Scroll Shop.
  5365 | D:4      | Bought a scroll of identify for 22 gold pieces
  5365 | D:4      | Bought a scroll of noise for 11 gold pieces
  5749 | D:4      | HP: 9/46 [centaur/arrow (8)]
  5760 | D:4      | HP: 8/46 [centaur/arrow (11)]
  5770 | D:4      | Reached skill level 5 in Summonings
  5829 | D:4      | Reached skill level 1 in Air Magic
  5829 | D:4      | Reached skill level 1 in Poison Magic
  6243 | D:5      | Entered Level 5 of the Dungeon
  6313 | D:5      | Reached skill level 2 in Poison Magic
  6497 | D:5      | Reached skill level 2 in Air Magic
  6501 | D:5      | Gained mutation: You sometimes gain a little power by
                  | taking damage. [demonic ancestry]
  6501 | D:5      | Reached XP level 8. HP: 30/52 MP: 15/15
  6779 | D:5      | Reached skill level 3 in Air Magic
  6779 | D:5      | Reached skill level 3 in Poison Magic
  7185 | D:5      | Reached skill level 4 in Poison Magic
  7262 | D:5      | Found a shimmering altar of Xom.
  7304 | D:5      | Found a sparkling altar of Nemelex Xobeh.
  7417 | D:6      | Reached skill level 4 in Air Magic
  7712 | D:6      | Reached skill level 5 in Poison Magic
  7816 | D:6      | Found Hopryduz's Jewellery Boutique.
  7922 | D:6      | HP: 9/52 [acid (6)]
  7943 | D:6      | HP: 12/52 [orc/stone (1)]
  8156 | D:6      | Reached skill level 5 in Air Magic
  8265 | D:6      | Reached XP level 9. HP: 57/57 MP: 11/16
  8284 | D:6      | Reached skill level 6 in Summonings
  8330 | D:6      | HP: 12/57 [acid dragon/splash of acid (21)]
  8776 | D:6      | Reached skill level 7 in Summonings
  8899 | D:6      | Found a staircase to the Ecumenical Temple.
  8900 | D:6      | You fall into a shaft and drop 2 floors!
  8934 | D:8      | Found Hanuud's Antique Armour Shop.
  9169 | D:9      | Noticed a troll
  9185 | D:9      | Killed a troll
  9186 | D:9      | Reached skill level 8 in Summonings
  9467 | D:9      | HP: 5/57 [something (22)]
  9470 | D:9      | Reached skill level 9 in Summonings
  9476 | D:9      | Found a staircase to the Orcish Mines.
  9834 | D:9      | Reached skill level 10 in Summonings
  9843 | D:9      | Reached skill level 2 in Dodging
 10108 | D:9      | Reached skill level 1 in Fighting
 10113 | D:9      | Gained mutation: Your demonic aura often causes spilled
                  | blood to erupt in flames. [demonic ancestry]
 10113 | D:9      | Reached XP level 10. HP: 46/66 MP: 13/17
 10119 | D:9      | Reached skill level 3 in Dodging
 10121 | D:9      | HP: 16/66 [killer bee (2)]
 10122 | D:9      | HP: 7/66 [poisoned by a killer bee]
 10436 | D:8      | Reached skill level 1 in Translocations
 10484 | D:8      | Reached skill level 2 in Fighting
 10570 | D:8      | Reached skill level 4 in Dodging
 10750 | D:8      | Reached skill level 2 in Translocations
 10755 | D:8      | Reached skill level 3 in Fighting
 10776 | D:8      | Reached skill level 5 in Dodging
 11121 | D:8      | Noticed a two-headed ogre
 11130 | D:8      | Killed a two-headed ogre
 11131 | D:8      | Reached skill level 4 in Fighting
 11131 | D:8      | Reached skill level 6 in Dodging
 11131 | D:8      | Reached skill level 3 in Translocations
 11494 | D:8      | Identified the +0 leather armour "Nophyumm" {rN+ SInv}
 11733 | D:7      | Found a transporter.
 11813 | D:7      | Identified the +0 leather armour of the Stars {Int+2}
 12152 | D:6      | Reached skill level 4 in Translocations
 12161 | Temple   | Entered the Ecumenical Temple
 12427 | Temple   | Became a worshipper of Gozag Ym Sagoz the Greedy
 12971 | D:7      | Noticed Joseph
 13014 | D:7      | Killed Joseph
 13015 | D:7      | Reached skill level 5 in Fighting
 13015 | D:7      | Reached skill level 7 in Dodging
 13206 | D:7      | Found a transporter.
 13211 | D:7      | Noticed qwertyui's ghost (novice MiFi)
 13220 | D:7      | Noticed a two-headed ogre
 13707 | D:9      | Noticed a two-headed ogre
 13719 | D:9      | Killed a two-headed ogre
 13720 | D:9      | Reached XP level 11. HP: 60/80 MP: 14/18
 13724 | D:9      | Reached skill level 5 in Translocations
 14196 | D:9      | Noticed a two-headed ogre
 14213 | D:9      | Killed a two-headed ogre
 14214 | D:9      | Reached skill level 6 in Fighting
 14214 | D:9      | Reached skill level 8 in Dodging
 14427 | D:10     | Entered Level 10 of the Dungeon
 14453 | D:10     | Found a sacrificial altar of Ru.
 15226 | D:10     | Found a staircase to the Lair.
 15248 | D:10     | Reached skill level 9 in Dodging
 15253 | D:10     | Reached skill level 7 in Fighting
 15292 | D:11     | HP: 15/84 [/a scroll of torment (9)]
 15300 | D:11     | Noticed a boulder beetle
 15321 | D:11     | Killed a boulder beetle
 15613 | D:11     | Found a gate leading to a gauntlet.
 15646 | Gauntlet | Entered a Gauntlet
 15646 | Gauntlet | Found a transporter.
 15646 | Gauntlet | Found a transporter.
 15646 | Gauntlet | Found a transporter.
 15646 | Gauntlet | Found a transporter.
 15675 | Gauntlet | Found a transporter.
 15687 | Gauntlet | Found a transporter.
 15689 | Gauntlet | Found a transporter.
 15694 | Gauntlet | Noticed a shock serpent
 15694 | Gauntlet | a merfolk changed into a shock serpent
 15695 | Gauntlet | Noticed a death drake
 15695 | Gauntlet | a shock serpent changed into a death drake
 15697 | Gauntlet | a death drake changed into a redback
 15699 | Gauntlet | Found a transporter.
 15714 | Gauntlet | Noticed a shock serpent
 15714 | Gauntlet | a redback changed into a shock serpent
 15715 | Gauntlet | a shock serpent changed into a tarantella
 15718 | Gauntlet | Noticed a deep troll
 15718 | Gauntlet | a cyclops changed into a deep troll
 15719 | Gauntlet | Noticed a shining eye
 15719 | Gauntlet | a deep troll changed into a shining eye
 15726 | Gauntlet | Noticed an anaconda
 15726 | Gauntlet | a torpor snail changed into an anaconda
 15729 | Gauntlet | Noticed a glowing shapeshifter
 15729 | Gauntlet | an anaconda changed into a glowing shapeshifter
 15730 | Gauntlet | Noticed a wolf spider
 15730 | Gauntlet | a glowing shapeshifter changed into a wolf spider
 15731 | Gauntlet | Noticed a bunyip
 15731 | Gauntlet | a wolf spider changed into a bunyip
 15790 | Gauntlet | Found a transporter.
 15800 | Gauntlet | Found a transporter.
 15804 | Gauntlet | Found a transporter.
 15806 | Gauntlet | Noticed a reaper
 15814 | Gauntlet | Found a transporter.
 15832 | Gauntlet | Noticed an anaconda
 15844 | Gauntlet | Noticed a harpy
 15844 | Gauntlet | a cane toad changed into a harpy
 15844 | Gauntlet | Noticed a shock serpent
 15844 | Gauntlet | an anaconda changed into a shock serpent
 15851 | Gauntlet | a harpy changed into a salamander
 15863 | Gauntlet | a shock serpent changed into a slime creature
 15937 | Gauntlet | Noticed a goliath frog
 15939 | Gauntlet | Noticed a death drake
 15939 | Gauntlet | a salamander changed into a death drake
 15940 | Gauntlet | Noticed a radroach
 15940 | Gauntlet | a goliath frog changed into a radroach
 15946 | Gauntlet | Noticed a shock serpent
 15946 | Gauntlet | a moth of wrath changed into a shock serpent
 15946 | Gauntlet | a death drake changed into a culicivora
 15948 | Gauntlet | a shock serpent changed into a merfolk
 15990 | Gauntlet | Reached skill level 10 in Dodging
 15992 | Gauntlet | Reached skill level 8 in Fighting
 16158 | Gauntlet | Paralysed by a hornet for 3 turns
 16187 | Gauntlet | Paralysed by a hornet for 3 turns
 16188 | Gauntlet | HP: 12/86 [hornet (11)]
 16189 | Gauntlet | Mangled by a hornet

Illustrated notes

Levels and vault maps discovered:
D:1:      onia_arrival_mini_spirals, layout_loops_ring, serial_shops, shop,
          kennysheep_minor_cross
D:2:      layout_basic, basic_altar, uniq_sigmund
D:3:      layout_rooms, uniq_grinder
D:4:      layout_basic, serial_shops, nicolae_square_shop
D:5:      layout_cave_pools, marbit_many_paths, kennysheep_little_box,
          serial_park, serial_park_gazebo [serial_park_minivault_5x5_8],
          serial_park_square1 [serial_park_minivault_5x5_2],
          serial_park_tiny_pond, serial_park_square1
          [serial_park_minivault_5x5_5], serial_park_square3
          [serial_park_minivault_5x5_3], serial_bayou_lagoon_a
D:6:      layout_rooms, minmay_temple_entry_hall, serial_shops, shop_statue,
          minmay_manual_mail
D:7:      layout_basic, gammafunk_ghost_smash, uniq_joseph
D:8:      layout_basic, serial_shops, nicolae_shop_crystal,
          kennysheep_generic_room_12
D:9:      layout_loops_corners, zombieorc2_lemuel
D:10:     layout_gridville, nicolae_ru_sacrificial_ziggurat,
          minmay_lair_entry_grove
D:11:     layout_basic, gauntlet_entry_generic, hellmonk_bongcloud_opening
Temple:   mainiacjoe_temple_bowtie_tessellation
Gauntlet: gammafunk_gauntlet_hard_choice [gammafunk_gauntlet_arena_spirals,
          gammafunk_gauntlet_arena_open, gammafunk_gauntlet_arena_hedges,
          nicolae_gauntlet_arena_blocks, gammafunk_gauntlet_arena_split_diamond,
          nicolae_gauntlet_arena_x, nicolae_gauntlet_exit_dead_adventurers]

Skill      XL: |  1  2  3  4  5  6  7  8  9 10 11 |
---------------+----------------------------------+-----
Conjurations   | 2 3 4 5 |  5.0
Spellcasting   | 4 5 |  5.0
Summonings     | 3 5 10 | 10.0
Air Magic      | 2 5 |  5.0
Poison Magic   | 2 5 |  5.0
Dodging        | 2 7 10 | 10.0
Fighting       | 1 5 8 |  8.2
Translocations | 4 5 |  5.0
Stealth        | |  1.7

Action                   |  1- 3 |  4- 6 |  7- 9 | 10-12 || total
-------------------------+-------+-------+-------+-------++-------
Melee: Dagger            |    38 |    26 |     1 |       ||    65
       Punch             |     1 |       |     6 |     4 ||    11
       Tailslap          |     1 |     2 |    21 |    29 ||    53
       Falchion          |       |       |   127 |   227 ||   354
 Cast: Magic Dart        |   111 |   102 |    95 |     4 ||   312
       Call Imp          |     4 |     4 |    23 |    18 ||    49
       Mephitic Cloud    |     1 |     3 |     2 |    11 ||    17
       Blink             |     1 |       |     5 |     4 ||    10
       Call Canine Famil |       |       |    36 |    34 ||    70
Evoke: Wand              |       |       |     4 |     3 ||     7
  Use: Potion            |       |     1 |     5 |     1 ||     7
       Scroll            |       |       |     1 |     8 ||     9
 Stab: Sleeping          |       |     2 |       |     1 ||     3
       Confused          |       |     1 |     1 |     5 ||     7
       Distracted        |       |       |       |     1 ||     1
Armor: Robe              |     8 |     2 |    18 |       ||    28
       Acid dragon scale |       |       |    23 |    78 ||   101
Dodge: Dodged            |    36 |    30 |   111 |   220 ||   397

Table legend: (Time is in decaauts)
 A = Elapsed time spent in this place.
 B = Non-inter-level travel time spent in this place.
 C = Inter-level travel time spent in this place.
 D = Time resting spent in this place.
 E = Time spent auto-exploring this place.
 F = Levels seen in this place.
 G = Mean time per level.
                   A        B        C        D        E       F      G
               +--------+--------+--------+--------+--------+-----+--------+
         Total |  16325 |  15727 |    598 |   4219 |   8827 |  13 | 1255.8 |
       Dungeon |  15489 |  14920 |    569 |   4079 |   8413 |  11 | 1408.1 |
        Temple |    283 |    254 |     29 |      0 |    240 |   1 |  283.0 |
      Gauntlet |    552 |    552 |      0 |    140 |    174 |   1 |  552.0 |
               +--------+--------+--------+--------+--------+-----+--------+

Top non-repeatable levels by time:
     D:9: 2451 daAuts
     D:1: 2240 daAuts
     D:4: 2098 daAuts
     D:5: 1520 daAuts
     D:7: 1426 daAuts
     D:6: 1303 daAuts
     D:8: 1294 daAuts
     D:3: 1006 daAuts
     D:2: 949 daAuts
    D:10: 807 daAuts
Gauntlet: 552 daAuts
    D:11: 390 daAuts
  Temple: 283 daAuts

Table legend:
 A = Kills in this place as a percentage of kills in entire the game.
 B = Kills by you in this place as a percentage of kills by you in the entire game.
 C = Kills by friends in this place as a percentage of kills by friends in the entire game.
 D = Other kills in this place as a percentage of other kills in the entire game.
 E = Experience gained in this place as a percentage of experience gained in the entire game.
 F = Experience gained in this place divided by the number of levels of this place that you have seen.
                   A       B       C       D       E      F
               +-------+-------+-------+-------+-------+----------------------
         Total | 100.0 | 100.0 | 100.0 | 100.0 | 100.0 | 1360.8
       Dungeon |  98.6 |  99.0 |  98.6 |  88.9 |  93.5 | 1504.3
      Gauntlet |   1.4 |   1.0 |   1.4 |  11.1 |   6.5 | 1143.0
               +-------+-------+-------+-------+-------+----------------------
